AoeStats
← elandres550

Arena

509726284Analyzed
1v1 RM · 6d ago on Sep 27, 2026· 39m 3s· 2 players
Game mode
Random Map
Map size
Tiny (2 player)
Population
200
Speed
Normal
Resources
Standard
Victory
Conquest
Starting age
Dark Age
Ending age
Imperial Age
RankedLock teamsTeams togetherTeam positionsShared explorationLock speedFull tech treeHidden civsTurbo modeCheats
Victory
Defeat
🇹🇷 Italians · Türkiye
1124
+17
🇦🇷 Mongols · Argentina
1141
-17
XOLTAR
10:48 Feudal Age
9:22 Loom
12:05 Double-Bit Axe
14:55 Castle Age
12:54 Stone Mining
30:39 Imperial Age
29:35 Bloodlines
33:31 Chemistry
elandres550
2:30 Loom
11:21 Feudal Age
15:15 Castle Age
13:26 Double-Bit Axe
14:14 Horse Collar
17:45 Fletching
31:04 Imperial Age
28:41 Padded Archer Armor
29:15 Bodkin Arrow
31:09 Gold Mining
31:09 Stone Mining
31:45 Nomads
32:09 Bracer
36:43 Leather Archer Armor
Connection lost

Rejoining the realm…

Still unreachable

The connection could not be restored.

Session expired

The server has moved on; the page needs a fresh start.